 Dungeon Crawl Stone Soup version 0.31-a0-210-gccc998df9b (webtiles) character file.

Game seed: 502628112201117947

46 qw the Chopper (level 3, -4/23 HPs)
             Began as a Gargoyle Fighter on June 29, 2023.
             Slain by Terence
             ... wielding a +3 vampiric trident
              (8 damage)
             ... on level 3 of the Dungeon.
             The game lasted 00:00:42 (1862 turns).

qw the Chopper (Gargoyle Fighter)                   Turns: 1862, Time: 00:00:42

Health: -4/23      AC: 10    Str: 21    XL:     3   Next: 68%
Magic:  3/3        EV:  9    Int:  8    God:
Gold:   48         SH:  9    Dex:  9    Spells: 2/2 levels left

rFire   . . .        Y - +0 war axe
rCold   . . .        c - +0 buckler
rNeg    + . .        b - +0 scale mail
rPois   inf          (no helmet)
rElec   +            (no cloak)
rCorr   +            (no gloves)
SInv    .            (no boots)
Will    .....        i - amulet of reflection Stlth
                     f - ring of resist corrosion
HPRegen 0.23/turn    (no ring)
MPRegen 0.08/turn

%: reflection
@: no status effects
A: sickness immunity, AC +3, negative energy resistance 1, electricity
resistance, torment resistance 1, petrification resistance
a: no special abilities


You were on level 3 of the Dungeon.
You visited 1 branch of the dungeon, and saw 3 of its levels.

You collected 81 gold pieces.
You spent 33 gold pieces at shops.


Innate Abilities, Weirdness & Mutations

You are immune to sickness and miasma.
Your stone body is resilient. (AC +3)
You are immune to poison.
You resist negative energy. (rN+)
You are resistant to electric shocks. (rElec)
You are resistant to unholy torment.
You are immune to petrification.


   Skills:
 - Level 3.2 Fighting
 + Level 3.5 Axes
 - Level 3.2 Armour
 - Level 3.2 Shields


You had 2 spell levels left.
You didn't know any spells.
Your spell library was empty.

Inventory:

Hand Weapons
 g - a +1 hand axe of flaming
 Y - a +0 war axe (weapon)
Armour
 b - a +0 scale mail (worn)
 c - a +0 buckler (worn)
Jewellery
 f - a ring of resist corrosion (left hand)
 i - an amulet of reflection (around neck)
Scrolls
 a - a scroll of enchant armour
 l - a scroll of teleportation {unknown}
Potions
 d - 4 potions of might
 e - a potion of attraction
 h - a potion of haste {unknown}
 j - a potion of heal wounds {unknown}
 k - a potion of enlightenment {unknown}

Dungeon Overview and Level Annotations

Branches:
Dungeon (3/15)

Altars:
Dithmenos

Shops:
D:2 =*:!(

Annotations:
D:3 Terence


Message History

Enter note:
Enter note:
Enter note:
Enter note:
Enter note:
Enter note:
Enter note: You slash Terence!
Terence is moderately wounded.
Terence barely misses you.
You barely miss Terence.
Terence is moderately wounded.
Terence hits you with a +3 vampiric trident.
You barely miss Terence.
Terence is moderately wounded.
You block Terence's attack. x2
You hit Terence but do no damage.
Terence is moderately wounded.
Terence hits you with a +3 vampiric trident!
You closely miss Terence.
Terence is moderately wounded.
Terence says, "How do you enjoy it?" You block Terence's attack.
You hit Terence but do no damage.
Terence is moderately wounded.
Terence hits you with a +3 vampiric trident. x2
You hit Terence.
Terence is moderately wounded.
You block Terence's attack.
You barely miss Terence.
Terence is moderately wounded.
Terence shouts, "Get ready for death!"
You block Terence's attack.
You hit Terence.
Terence is heavily wounded.
You block Terence's attack. x2
You completely miss Terence.
Terence is heavily wounded.
Terence hits you with a +3 vampiric trident!
You die...

### #.# #.# #.# # #.#
#.####.##.##########
#.##########...................
#.##..........@@..# .#####..###
#....................# #..#
#.##..######.####.##.# #..#
#.##..# #.# ##.#####..###
#.##..######>. .............
##.............. ##.#####..###
#.........###.### #...........
#####..##.# #.# #.#
#.###....... #..##.# #.# #.#
#.# #.#.....


You could see Terence.

Vanquished Creatures
  An adder (D:3)
  2 worms
  A dart slug (D:1)
  A bat (D:3)
  3 endoplasms
  A giant cockroach (D:1)
  3 goblins
  4 hobgoblins
  A quokka (D:2)
  A frilled lizard (D:3)
  6 kobolds
  6 rats
30 creatures vanquished.

Notes
Turn   | Place    | Note
-------+----------+-------------------------------------------
     0 | D:1      | qw the Gargoyle Fighter began the quest for the Orb.
     0 | D:1      | Reached XP level 1. HP: 14/14 MP: 1/1
     0 | D:1      | 0 ||| qw: Version: 0.3-a-24-ga2abf7b
     0 | D:1      | 0 ||| qw: Game counter: 6772
     0 | D:1      | 0 ||| qw: Melee chars always use a shield: true
     0 | D:1      | 0 ||| qw: God list: Okawaru
     0 | D:1      | 0 ||| qw: Allow faded altars: false
     0 | D:1      | 0 ||| qw: Do Orc after clearing Dungeon:15 true
     0 | D:1      | 0 ||| qw: Do second Lair branch before Depths: true
     0 | D:1      | 0 ||| qw: Lair rune preference: random
     0 | D:1      | 0 ||| qw: Goals: Normal, Zot:1-4, Slime:5, God:TSO, Crypt,
                  | Tomb, Abyss, Pan, Hells, Win
     0 | D:1      | 0 ||| PLANNING D:1-11
   178 | D:1      | 178 ||| DROPPING +0 club.
   428 | D:1      | 428 ||| Stepping ~*~*~tactically~*~*~ (hiding).
   438 | D:1      | Reached XP level 2. HP: 19/19 MP: 2/2
   651 | D:1      | 651 ||| UPGRADING to ring of resist corrosion.
   652 | D:1      | 652 ||| READING scroll labelled DYBUELIALI.
   653 | D:1      | 653 ||| READING scroll labelled PUVODIAST.
   654 | D:1      | 654 ||| READING scroll labelled LONLUUR SYLELA.
   677 | D:2      | Found a faded altar of an unknown god.
   679 | D:2      | Found Pulamoicvo's Weapon Emporium.
   741 | D:2      | Found Naorazux's Distillery.
   744 | D:2      | 744 ||| BUYING potion of attraction (33 gold).
   744 | D:2      | Bought a potion of attraction for 33 gold pieces
   744 | D:2      | 744 ||| SHOPLISTING potion of attraction (33 gold, have
                  | 15).
   744 | D:2      | 744 ||| SHOPLISTING potion of curing (33 gold, have 15).
   744 | D:2      | 744 ||| SHOPLISTING potion of enlightenment (55 gold, have
                  | 15).
   744 | D:2      | 744 ||| SHOPLISTING potion of lignification (33 gold, have
                  | 15).
   744 | D:2      | 744 ||| SHOPLISTING potion of resistance (110 gold, have
                  | 15).
   752 | D:2      | Found Utakhiakeu's Book Shop.
   795 | D:2      | Found Oriachodgh's General Store.
   798 | D:2      | 798 ||| Stepping ~*~*~tactically~*~*~ (hiding).
   841 | D:2      | 841 ||| SHOPLISTING +0 mace of protection (78 gold, have
                  | 19).
   841 | D:2      | 841 ||| SHOPLISTING +2 cloak (231 gold, have 19).
   841 | D:2      | 841 ||| SHOPLISTING +2 cloak of preservation (301 gold,
                  | have 19).
   841 | D:2      | 841 ||| SHOPLISTING +6 scale mail of Resourcefulness {rF+++
                  | Regen+ MP+9 Int-4} (1211 gold, have 19).
   841 | D:2      | 841 ||| SHOPLISTING ring of positive energy (280 gold, have
                  | 19).
   897 | D:2      | Found Omonwi Koch's Jewellery Shop.
   912 | D:2      | 912 ||| SHOPLISTING +6 ring of dexterity (504 gold, have
                  | 19).
   912 | D:2      | 912 ||| SHOPLISTING Hermit's Pendant {Faith Invo=14 Evo=0
                  | MP+5} (805 gold, have 19).
   912 | D:2      | 912 ||| SHOPLISTING amulet of faith (560 gold, have 19).
   912 | D:2      | 912 ||| SHOPLISTING amulet of reflection (420 gold, have
                  | 19).
   912 | D:2      | 912 ||| SHOPLISTING ring of ice (350 gold, have 19).
   912 | D:2      | 912 ||| SHOPLISTING ring of resist corrosion (280 gold,
                  | have 19).
   958 | D:2      | 958 ||| STAIRDANCE
   966 | D:1      | 966 ||| UPGRADING to amulet of reflection.
   971 | D:1      | 971 ||| READING scroll labelled ZEZXO RIMUHOPN.
   978 | D:2      | Reached skill level 3 in Axes
  1009 | D:2      | 1009 ||| DROPPING +0 whip.
  1214 | D:2      | 1214 ||| READING scroll labelled EBU TEPITSIUPI.
  1224 | D:3      | Reached XP level 3. HP: 23/23 MP: 3/3
  1227 | D:3      | 1227 ||| Stepping ~*~*~tactically~*~*~ (hiding).
  1556 | D:3      | 1556 ||| Stepping ~*~*~tactically~*~*~ (hiding).
  1728 | D:3      | Found a shadowy altar of Dithmenos.
  1849 | D:3      | Noticed Terence
  1858 | D:3      | HP: 3/23 [Terence/+3 vampiric trident (5)]
  1862 | D:3      | Slain by Terence

Levels and vault maps discovered:
D:1:      amcnicky_arrival_flooded_fountain, layout_loops_ring
D:2:      layout_rooms, shapermc_ecumenical_altar_venn, serial_shops, shop,
          shop, nicolae_shop_behind_doors, shop, nicolae_shop_statue_plus
D:3:      layout_basic, general_overflow_altar,
          mainiacjoe_overflow_small_starburst, uniq_crazy_yiuf_cottage,
          uniq_terence

Skill      XL: |  1  2 |
---------------+-------+-----
Axes           | 2 3 |  3.5
Fighting       | |  3.2
Armour         | |  3.2
Shields        | |  3.2

Action                     || total
---------------------------++-------
  Melee: War axe           ||    79
    Use: Scroll            ||     5
 Armour: Scale mail        ||    14
  Dodge: Dodged            ||    25
  Block: Buckler           ||    25

Table legend:
 A = Non-vault XP
 B = Vault XP
 C = Vault XP percentage of total XP
 D = Non-vault monster count
 E = Vault monster count
 F = Vault count percentage of total count
                 A         B        C        D         E       F
            +---------+---------+-------+---------+---------+-------
      Total |      67 |       0 |   0.0 |      30 |       0 |   0.0
            +---------+---------+-------+---------+---------+-------
        D:1 |      15 |       0 |   0.0 |       8 |       0 |   0.0
        D:2 |      17 |       0 |   0.0 |       9 |       0 |   0.0
        D:3 |      35 |       0 |   0.0 |      13 |       0 |   0.0
            +---------+---------+-------+---------+---------+-------
